Map: Beckett Industries LE

Players

Eliadar - Winner!

  • Race: Protoss Protoss
  • League: Diamond

CuZergKiller

  • Race: Zerg Zerg
  • League: Diamond

VOD

Have the link to the VOD?

Description

die to skytoss

Time

  • Played on: Aug. 5, 2021, 5:32 p.m.
  • Length: 28:21
Show
View Real Time Build Order
Export as new Build Order

Eliadar Protoss - Winner!

Build Orders: Zealot Archon, Dark Templar Rush 

Get SALT Encoding   

  12  0:09  Pylon  
  12  0:13  Probe  
  14  0:31  Gateway  
  14  0:33  Probe (Chrono Boost)  
  15  0:43  Probe (Chrono Boost)  
  15  0:48  Probe (Chrono Boost)  
  16  0:50  Assimilator  
  16  0:59  Probe, Pylon  
  17  1:11  Probe  
  17  1:17  Zealot (Chrono Boost)  
  20  1:23  Cybernetics Core  
  20  1:25  Probe  
  21  1:38  Assimilator  
  21  1:43  Forge  
  21  1:46  Probe  
  22  2:02  Twilight Council  
  22  2:03  Probe  
  23  2:09  Stalker  
  25  2:28  Warp Gate (Chrono Boost)  
  25  2:48  Gateway  
  23  2:52  Photon Cannon  
  23  2:55  Shield Battery  
  23  2:56  Stalker  
  25  3:06  Dark Shrine  
  25  3:17  Gateway  
  25  3:31  Protoss Ground Weapons Level 1 (Chrono Boost), Probe  
  26  3:35  Charge  
  26  3:44  Probe  
  27  4:05  Nexus  
  27  4:20  Dark Templar x2  
  31  4:31  Photon Cannon  
  31  4:39  Pylon  
  31  4:57  Dark Templar  
  33  5:02  Dark Templar  
  35  5:27  Dark Templar  
  37  5:29  Probe  
  36  5:42  Probe (Chrono Boost)  
  38  5:50  Probe (Chrono Boost)  
  38  5:54  Dark Templar  
  41  5:57  Assimilator  
  41  5:59  Probe x2 (Chrono Boost), Archon, Assimilator  
  41  6:02  Zealot x2  
  41  6:03  Pylon  
  41  6:04  Archon  
  44  6:12  Pylon  
  44  6:16  Probe x2  
  46  6:23  Zealot  
  46  6:24  Zealot  
  50  6:26  Zealot  
  50  6:28  Probe  
  50  6:30  Gateway  
  53  6:34  Probe  
  53  6:36  Protoss Ground Armor Level 1 (Chrono Boost)  
  54  6:40  Probe  
  55  6:52  Dark Templar  
  55  6:53  Dark Templar  
  59  6:56  Archon  
  59  6:58  Zealot  
  47  7:20  Adept  
  43  7:24  Adept  
  43  7:25  Adept  
  43  7:29  Adept  
  37  7:46  Stalker x3  
  41  8:08  Shield Battery  
  41  8:11  Dark Templar  
  41  8:12  Dark Templar  
  45  8:15  Probe x2  
  45  8:17  Dark Templar, Archon  
  45  8:19  Dark Templar  
  51  8:25  Shield Battery  
  51  8:27  Probe  
  52  8:33  Gateway  
  52  8:35  Archon  
  52  8:36  Photon Cannon  
  52  8:38  Photon Cannon  
  52  8:42  Pylon  
  52  8:46  Zealot x2  
  56  8:53  Dark Templar  
  56  8:54  Dark Templar  
  60  8:58  Archon  
  60  9:05  Probe x2  
  62  9:14  Zealot x2  
  66  9:17  Probe  
  67  9:30  Dark Templar  
  67  9:31  Dark Templar  
  71  9:32  Zealot  
  71  9:38  Archon  
  73  9:41  Dark Templar  
  73  9:43  Dark Templar  
  77  9:47  Archon  
  77  9:56  Nexus  
  77  9:58  Pylon  
  73  10:08  Zealot  
  73  10:09  Zealot x2  
  77  10:19  Robotics Facility  
  77  10:34  Resonating Glaives  
  77  10:37  Adept  
  77  10:40  Adept  
  77  10:42  Photon Cannon  
  81  10:43  Photon Cannon  
  81  10:45  Adept  
  81  10:49  Adept  
  85  11:05  Pylon  
  85  11:07  Observer  
  85  11:09  Probe x2  
  88  11:12  Photon Cannon  
  88  11:14  Zealot  
  84  11:22  Stalker x2  
  87  11:31  Stalker x2  
  80  11:46  Stalker x2  
  76  11:58  Immortal  
  80  12:04  Shield Battery  
  80  12:05  Shield Battery  
  80  12:07  Stalker  
  76  12:13  Stalker  
  67  12:16  Stalker  
  65  12:34  Photon Cannon x2  
  65  12:38  Zealot x2  
  65  12:40  Shield Battery  
  69  12:51  Zealot x2  
  69  12:52  Zealot  
  71  13:09  Photon Cannon  
  71  13:11  Photon Cannon  
  71  13:14  Robotics Bay  
  71  13:16  Probe x2 (Chrono Boost)  
  71  13:19  Probe (Chrono Boost)  
  76  13:27  Probe (Chrono Boost)  
  76  13:28  Probe (Chrono Boost)  
  76  13:30  Probe (Chrono Boost)  
  76  13:31  Shield Battery  
  76  13:33  Probe x2 (Chrono Boost)  
  79  13:34  Probe (Chrono Boost)  
  80  13:44  Photon Cannon  
  80  13:47  Immortal (Chrono Boost)  
  80  13:58  Shield Battery  
  80  14:01  Dark Templar  
  80  14:02  Dark Templar  
  84  14:07  Archon  
  84  14:12  Dark Templar x2  
  84  14:16  Disruptor (Chrono Boost), Archon  
  88  14:20  Extended Thermal Lance  
  88  14:23  Protoss Ground Weapons Level 2 (Chrono Boost)  
  91  14:27  Forge  
  91  14:33  Assimilator  
  91  14:36  Dark Templar  
  91  14:37  Assimilator  
  93  14:38  Dark Templar  
  93  14:42  Disruptor (Chrono Boost), Archon  
  98  15:04  Zealot x2  
  98  15:05  Zealot  
  104  15:16  Pylon  
  104  15:17  Pylon  
  104  15:20  Protoss Shields Level 1 (Chrono Boost)  
  104  15:31  Dark Templar  
  104  15:33  Colossus  
  109  16:12  Stargate  
  109  16:16  Stargate  
  109  16:19  Probe  
  110  16:27  Colossus  
  116  16:39  Nexus  
  116  16:41  Pylon  
  116  16:45  Assimilator  
  116  16:47  Assimilator  
  116  16:59  Stargate  
  116  17:00  Protoss Ground Weapons Level 3 (Chrono Boost)  
  116  17:01  Stargate  
  116  17:02  Fleet Beacon  
  116  17:14  Photon Cannon  
  116  17:16  Photon Cannon, Shield Battery  
  116  17:17  Protoss Air Weapons Level 1  
  116  17:20  Colossus  
  116  17:22  Probe x3  
  125  17:34  Probe x2  
  127  17:39  Probe, Pylon  
  128  17:46  Probe x2  
  130  17:51  Probe  
  125  18:05  Carrier  
  128  18:06  Carrier  
  121  19:01  Pylon  
  121  19:04  Pylon  
  121  19:07  Pylon  
  121  19:09  Photon Cannon  
  121  19:10  Shield Battery  
  121  19:18  Shield Battery  
  121  19:19  Carrier x2  
  121  19:22  Carrier  
  139  19:26  Protoss Air Armor Level 1  
  131  19:54  Stalker  
  131  19:55  Stalker x3  
  136  20:05  Pylon  
  136  20:10  Photon Cannon  
  136  20:15  Photon Cannon  
  136  20:27  Carrier  
  142  20:52  Nexus  
  141  21:40  Carrier x2  
  153  22:04  Observer  
  153  22:06  Nexus  
  154  22:22  Photon Cannon  
  154  22:25  Photon Cannon  
  132  23:22  Dark Templar x3  
  132  23:23  Dark Templar  
  140  23:27  Archon x2  
  140  23:33  Assimilator  
  140  23:38  Dark Templar  
  142  23:52  Disruptor  
  145  24:04  Dark Templar  
  145  24:05  Protoss Shields Level 2  
  145  24:08  Dark Templar x2  
  151  24:12  Archon  
  151  24:15  Dark Templar x2  
  155  24:19  Archon  
  155  24:32  Protoss Air Weapons Level 2 (Chrono Boost)  
  155  24:36  Protoss Ground Armor Level 2  
  155  24:43  Disruptor  
  158  24:46  Archon  
  158  24:47  Dark Templar x2  
  158  24:48  Dark Templar x2  
  158  24:51  Archon  
  158  24:52  Archon  
  166  25:18  Disruptor  
  169  25:35  Pylon  
  169  25:38  Pylon  
  169  25:42  Photon Cannon  
  169  25:44  Photon Cannon  
  169  25:47  Photon Cannon  
  169  25:49  Photon Cannon, Shield Battery  
  169  25:53  Carrier  
  181  25:57  Carrier  
  181  26:14  Dark Templar, Pylon  
  181  26:15  Pylon  
  181  26:17  Pylon  
  183  26:19  Nexus  
  183  26:22  Pylon  
  183  26:32  Dark Templar  
  183  26:33  Dark Templar  
  183  26:38  Dark Templar  
  189  27:04  Photon Cannon  
  189  27:06  Photon Cannon  
  189  27:07  Dark Templar  
  189  27:08  Photon Cannon, Dark Templar  
  193  27:12  Archon x2  
  193  27:13  Archon  
  193  27:26  Photon Cannon  
  193  27:28  Photon Cannon  
  193  27:29  Pylon  
  193  27:33  Assimilator  
  193  27:38  Assimilator  
  174  27:51  Zealot  
  174  27:52  Zealot x3  
  174  27:53  Zealot  
  181  28:12  Zealot  
  181  28:13  Zealot x4  
Show
View Real Time Build Order
Export as new Build Order

CuZergKiller Zerg 

Build Orders: Hatch First 

Get SALT Encoding   

  12  0:01  Drone  
  13  0:12  Overlord  
  13  0:21  Drone  
  14  0:30  Drone x2  
  14  0:35  Drone  
  17  0:52  Hatchery  
  16  0:57  Drone  
  16  0:59  Extractor  
  16  1:00  Drone  
  17  1:16  Spawning Pool, Drone  
  17  1:20  Drone  
  18  1:28  Drone  
  19  1:40  Drone  
  20  1:56  Overlord  
  20  2:03  Hatchery  
  20  2:08  Zergling x4  
  20  2:09  Queen  
  20  2:12  Zergling x2  
  22  2:49  Queen  
  22  2:50  Drone x2  
  22  2:51  Drone  
  26  2:52  Zergling x2  
  27  3:06  Extractor  
  27  3:09  Drone  
  27  3:10  Drone x3  
  27  3:12  Metabolic Boost  
  30  3:23  Roach Warren  
  30  3:26  Drone  
  30  3:27  Drone  
  32  3:34  Drone x2  
  33  3:48  Queen, Lair  
  33  3:52  Drone  
  33  3:53  Drone  
  37  3:58  Drone x2  
  39  4:12  Overlord  
  39  4:18  Drone, Overlord  
  39  4:21  Drone  
  39  4:22  Overlord  
  41  4:32  Roach x4  
  41  4:37  Overlord  
  49  4:39  Drone x3  
  49  4:40  Extractor  
  49  4:41  Drone  
  52  4:47  Hydralisk Den  
  52  4:49  Drone x2  
  47  4:54  Overseer  
  43  5:14  Drone x3  
  45  5:35  Hydralisk  
  45  5:36  Hydralisk x5  
  52  5:51  Hydralisk  
  52  5:52  Hydralisk  
  56  6:12  Hydralisk  
  56  6:13  Hydralisk  
  56  6:14  Zergling x10  
  56  6:15  Zergling x4  
  66  6:25  Zergling x2  
  66  6:26  Zergling x6  
  70  6:33  Overseer  
  70  6:39  Zergling x6  
  74  6:40  Zergling x2  
  74  6:55  Overlord x2  
  49  7:27  Zergling x2  
  49  7:28  Zergling x14  
  41  7:43  Zergling x6  
  41  7:44  Zergling x2  
  45  7:49  Zergling x2  
  45  7:50  Queen x3  
  52  7:52  Zergling x4  
  47  8:04  Zergling x6  
  42  8:15  Drone x3  
  45  8:25  Hydralisk x2  
  45  8:26  Hydralisk, Queen  
  53  8:31  Glial Reconstitution  
  51  8:44  Drone x2  
  53  8:51  Hydralisk x2  
  53  8:52  Hydralisk x2  
  62  8:55  Drone  
  62  8:57  Overlord x2  
  62  9:00  Overseer  
  62  9:08  Hydralisk  
  64  9:19  Roach x2  
  64  9:20  Roach x2  
  64  9:21  Roach  
  74  9:27  Drone  
  74  9:28  Zergling x2, Drone  
  74  9:29  Zergling x2  
  78  9:36  Roach  
  78  9:38  Overlord  
  80  9:46  Overlord  
  80  9:56  Roach x3  
  80  9:57  Roach  
  83  10:11  Roach x2  
  83  10:12  Roach x3  
  91  10:15  Drone x4  
  91  10:20  Drone x2  
  96  10:24  Zergling x2  
  97  10:28  Overseer  
  97  10:33  Overlord  
  97  10:41  Overlord x2  
  97  10:51  Overlord x2  
  97  10:53  Zergling x14  
  97  10:56  Ravager  
  105  10:59  Ravager  
  105  11:03  Drone x2  
  108  11:04  Zergling x6  
  108  11:05  Zergling x2  
  100  11:33  Zergling x10  
  100  11:34  Roach x3  
  100  11:35  Roach x3  
  100  11:39  Ravager  
  107  11:52  Zergling x8  
  109  11:56  Zergling x8  
  111  12:03  Zergling x2  
  111  12:04  Zergling x6  
  102  12:08  Overlord  
  102  12:09  Zergling x4  
  86  12:22  Hatchery  
  86  12:27  Overseer  
  86  12:28  Zergling x8  
  89  12:30  Drone x3  
  89  12:35  Ravager  
  89  12:36  Drone x2  
  94  12:41  Extractor  
  90  12:50  Zergling x2  
  90  12:51  Zergling x2  
  82  12:55  Roach x6  
  92  13:00  Zergling x4  
  94  13:08  Roach  
  94  13:09  Roach, Overlord x2  
  98  13:16  Overlord x3  
  98  13:20  Overlord  
  98  13:30  Drone  
  98  13:32  Drone x4  
  98  13:33  Zergling x6  
  98  13:34  Zergling x4  
  108  13:36  Hatchery  
  108  13:40  Evolution Chamber  
  108  13:41  Hatchery  
  102  13:44  Ravager  
  102  13:51  Drone x6  
  102  13:52  Drone x3  
  102  13:53  Drone  
  112  13:56  Drone  
  112  13:58  Drone  
  112  14:00  Evolution Chamber  
  112  14:01  Overseer  
  113  14:16  Drone  
  115  14:17  Lurker Den, Drone  
  115  14:18  Drone x2  
  115  14:19  Extractor  
  115  14:20  Roach x4  
  115  14:21  Extractor  
  115  14:22  Zergling x4  
  124  14:30  Zergling x8  
  129  14:32  Ravager  
  129  14:33  Ravager x4  
  129  14:34  Ravager  
  135  14:40  Drone x3  
  135  14:41  Drone x3  
  135  14:43  Extractor x2  
  135  14:45  Overseer  
  117  15:07  Hydralisk x2  
  117  15:08  Hydralisk x4  
  117  15:10  Drone x3  
  117  15:13  Drone x4  
  117  15:14  Queen, Drone x4  
  139  15:19  Overseer  
  142  15:23  Zerg Melee Weapons Level 1  
  142  15:25  Zergling x14  
  142  15:26  Overlord x2  
  149  15:32  Queen  
  149  15:34  Lurker  
  149  15:35  Lurker  
  153  15:40  Lurker  
  125  16:05  Lurker x2  
  122  16:12  Hydralisk x2  
  122  16:13  Hydralisk x2  
  122  16:15  Roach x4  
  122  16:16  Roach x9  
  122  16:17  Roach x3  
  156  16:25  Extractor  
  156  16:28  Extractor  
  156  16:33  Roach x2  
  156  16:34  Overlord x2  
  156  16:35  Overlord x3  
  158  16:52  Lurker  
  158  16:53  Lurker x4  
  163  16:55  Spine Crawler  
  163  16:56  Roach x6, Spine Crawler x2  
  163  16:57  Roach  
  163  16:58  Spine Crawler  
  173  17:09  Drone x2, Overlord  
  175  17:19  Infestation Pit  
  175  17:22  Roach x4  
  182  17:23  Roach  
  184  17:32  Hatchery  
  168  18:06  Hydralisk x2  
  168  18:07  Hydralisk x5  
  177  18:14  Ravager x5  
  162  18:31  Hydralisk  
  162  18:32  Hydralisk x7  
  162  18:33  Hydralisk x2  
  180  18:35  Ravager x3  
  180  18:36  Ravager x5  
  180  18:38  Hydralisk  
  147  18:55  Roach x6  
  159  18:56  Roach x8  
  159  18:57  Roach x8  
  159  19:00  Drone x2  
  193  19:13  Drone x3  
  193  19:14  Drone x3  
  199  19:19  Lurker  
  200  19:25  Zerg Missile Weapons Level 1  
  160  19:53  Hydralisk x5  
  160  19:57  Hydralisk x2  
  160  19:58  Hydralisk x7  
  160  19:59  Hydralisk x4  
  180  20:11  Lurker x4  
  180  20:12  Lurker  
  185  20:21  Lurker  
  186  20:34  Overseer  
  186  20:35  Overseer  
  186  20:36  Lurker  
  186  20:37  Lurker x2  
  186  20:42  Extractor  
  188  20:43  Extractor  
  188  20:50  Lurker  
  188  20:52  Hive  
  188  21:04  Lurker x3  
  182  21:18  Hydralisk x2  
  152  21:20  Hydralisk x2  
  156  21:27  Spore Crawler x2  
  156  21:29  Spore Crawler x2  
  156  21:30  Spore Crawler  
  156  21:32  Spore Crawler x2  
  143  21:33  Spore Crawler x2  
  143  21:34  Spore Crawler  
  143  21:35  Infestor x2, Spore Crawler x2  
  143  21:36  Hydralisk x2, Spore Crawler  
  141  22:00  Hydralisk x4  
  149  22:04  Infestor  
  149  22:05  Overseer  
  149  22:07  Zergling x28  
  149  22:08  Zergling x30  
  180  22:16  Spore Crawler x2  
  180  22:21  Zerg Missile Weapons Level 2  
  180  22:22  Hatchery  
  177  22:27  Drone  
  133  22:55  Hydralisk  
  133  22:56  Hydralisk x7  
  133  22:57  Hydralisk  
  122  23:07  Hydralisk x2  
  122  23:10  Overlord  
  112  23:14  Hydralisk  
  114  23:24  Muscular Augments  
  114  23:34  Infestor x2  
  118  23:43  Hydralisk  
  118  23:44  Hydralisk  
  118  23:46  Drone  
  123  23:49  Drone  
  123  23:54  Drone  
  128  24:03  Drone  
  128  24:09  Spore Crawler  
  124  24:26  Infestor x4  
  124  24:27  Infestor  
  134  24:36  Grooved Spines  
  134  24:45  Burrow  
  134  24:47  Overseer  
  134  24:48  Neural Parasite  
  134  24:54  Drone x3  
  134  24:58  Hydralisk x3  
  134  24:59  Hydralisk  
  145  25:06  Drone  
  146  25:08  Viper  
  146  25:09  Viper  
  146  25:13  Viper  
  155  25:32  Drone x2  
  157  25:40  Zerg Missile Weapons Level 3  
  157  25:57  Infestor x4  
  164  26:10  Infestor  
  166  26:17  Hatchery  
  165  26:31  Overseer  
  165  26:34  Lurker x3  
  165  26:35  Lurker x2  
  170  27:11  Hydralisk x5  
  170  27:12  Hydralisk x7  
  170  27:13  Hydralisk  
Tags
 
Add a new tag
Caveats
  • Supply blocks, unpowered buildings, or Contaminate may cause inaccurate times.
  • Supply counts are checked every 10 seconds.